 Dungeon Crawl Stone Soup version 0.30-a0-187-gd9c2deaf24 (webtiles) character file.

Game seed: 17130914322438063347

293630 scionoferis the Unseen (level 21, -1/133 HPs)
             Began as a Kobold Brigand on Oct 2, 2022.
             Was a Believer of Uskayaw.
             Slain by a green ugly thing (8 damage)
             ... led by a wizard
             ... on level 1 of the Vaults on Oct 3, 2022.
             The game lasted 04:10:16 (55734 turns).

scionoferis the Unseen (Kobold Brigand)            Turns: 55734, Time: 04:10:17

Health: -1/133     AC: 16    Str:  8    XL:     21   Next: 72%
Magic:  33/33      EV: 25    Int: 16    God:    Uskayaw [**....]
Gold:   2357       SH: 15    Dex: 20    Spells: 15/20 levels left

rFire   + . .      SeeInvis +    a - +8 rapier (vorpal)
rCold   + . .      Faith    .    J - +3 buckler of Heresy {Stlth+}
rNeg    + . .      Spirit   .    c - +1 ring mail {rC+}
rPois   .          Reflect  +    W - +1 helmet of Jatoqec {Will+ rCorr SInv}
rElec   +          Harm     .    P - +2 cloak
rCorr   +          Rampage  .    n - +0 pair of gloves
Will    +++..                    M - +0 pair of boots
Stlth   +++++++++.               C - amulet of Descent {Reflect rF+ Will+ Regen+ Int-2 SH+5}
HPRegen 1.22/turn                Y - +4 ring of evasion
MPRegen 0.23/turn                w - ring of Boasiem {rN+ Str-4 Slay+2 SInv}

@: lethally poisoned (-1 -> -8), frozen, studying 4 skills, very slow
A: small, no large weapons, nightstalker 3, clever 1, electricity resistance,
wild magic 1
}: 2/15 runes: serpentine, barnacled
a: Renounce Religion, Stomp, Line Pass


You were on level 1 of the Vaults.
You worshipped Uskayaw.
Uskayaw was most pleased with you.
You visited 8 branches of the dungeon, and saw 34 of its levels.
You also visited: Sewer and Ice Cave.

You collected 4668 gold pieces.
You spent 2311 gold pieces at shops.

Inventory:

Hand Weapons
 a - a +8 vorpal rapier (weapon)
 o - a +7 rapier of flaming
 K - a +5 scimitar of holy wrath
Missiles
 d - 46 poisoned darts
 e - 4 curare-tipped darts (quivered)
 l - 43 boomerangs
 G - 10 throwing nets
 L - 12 atropa-tipped darts
Armour
 c - a +1 ring mail of cold resistance (worn)
 n - a +0 pair of gloves (worn)
 J - the +3 buckler of Heresy (worn) {Stlth+}
   (You bought it in a shop on level 2 of the Snake Pit)

   Stlth:     It makes you more stealthy.
 M - a +0 pair of boots (worn)
 P - a +2 cloak (worn)
 R - a scarf of invisibility
 W - the +1 helmet of Jatoqec (worn) {Will+ rCorr SInv}
   (You bought it in a shop on level 2 of the Snake Pit)

   SInv:      It lets you see invisible.
   rCorr:     It protects you from acid and corrosion.
   Will:      It increases your willpower.
Jewellery
 r - a ring of protection from fire
 t - a ring of poison resistance
 w - the ring of Boasiem (right hand) {rN+ Str-4 Slay+2 SInv}
   (You bought it in a shop on level 2 of the Orcish Mines)

   [ring of see invisible]

   Str:       It affects your strength (-4).
   Slay:      It affects your accuracy & damage with ranged weapons and melee
   (+2).
   rN:        It protects you from negative energy.
   SInv:      It lets you see invisible.
 C - the amulet of Descent (around neck) {Reflect rF+ Will+ Regen+ Int-2 SH+5}
   (You found it on level 2 of the Snake Pit)

   [amulet of reflection]

   It reflects blocked missile attacks.
   Int:       It affects your intelligence (-2).
   rF:        It protects you from fire.
   Regen:     It increases your rate of health regeneration.
   SH:        It affects your SH (+5).
   Will:      It increases your willpower.
 Q - a ring of willpower
 Y - a +4 ring of evasion (left hand)
 Z - a ring of flight
Wands
 y - a wand of charming (9)
 B - a wand of mindburst (10)
 D - a wand of roots (15)
 S - a wand of acid (11)
Scrolls
 g - 9 scrolls of teleportation
 q - 3 scrolls of blinking
 u - 3 scrolls of butterflies
 F - 7 scrolls of magic mapping
 N - a scroll of summoning
 X - 2 scrolls of silence
Potions
 b - a potion of invisibility
 h - 4 potions of haste
 j - 3 potions of berserk rage
 k - 10 potions of might
 m - 19 potions of curing
 p - 7 potions of magic
 E - 12 potions of heal wounds
 T - a potion of cancellation
Miscellaneous
 i - a phantom mirror
 A - a phial of floods
 U - a lightning rod (4/4)
 V - a tin of tremorstones (2/2)


   Skills:
 + Level 14.8 Fighting
 + Level 14.6(18.7) Short Blades
 - Level 12.7(14.0) Long Blades
 - Level 6.0 Throwing
 + Level 8.3 Armour
 + Level 15.9 Dodging
 + Level 19.0 Stealth
 + Level 6.0 Shields
 - Level 8.0 Translocations
 + Level 2.3 Air Magic
 + Level 17.5 Invocations
 - Level 12.0 Evocations


You had 15 spell levels left.
You knew the following spells:

 Your Spells              Type           Power      Damage    Failure   Level
a - Blink                 Tloc           66%        N/A       9%          2
b - Vhi's Electric Charg  Tloc/Air       42%        N/A       41%         3

Your spell library contained the following spells:

 Spells                   Type           Power      Damage    Failure   Level
 Gell's Gravitas          Tloc           33%        N/A       16%         3
 Lesser Beckoning         Tloc           66%        N/A       16%         3
 Teleport Other           Tloc           33%        N/A       16%         3
 Manifold Assault         Tloc           33%        N/A       43%         4
 Passage of Golubria      Tloc           33%        N/A       43%         4
 Portal Projectile        Hex/Tloc       32%        N/A       56%         3
 Shock                    Conj/Air       16%        1d4       58%         1
 Poisonous Vapours        Pois/Air       8%         N/A       73%         2
 Freeze                   Ice            0%         1d3       75%         1
 Sandblast                Erth           0%         2d4       75%         1
 Slow                     Hex            0%         N/A       75%         1
 Summon Small Mammal      Summ           0%         N/A       75%         1
 Cigotuvi's Dreadful Rot  Necr/Pois/Air  6%         N/A       78%         2
 Swiftness                Air            9%         N/A       78%         3
 Scorch                   Fire           0%         2d5       86%         2
 Iskenderun's Mystic Bla  Conj/Tloc      16%        2d5       91%         4
 Call Canine Familiar     Summ           0%         N/A       97%         3
 Confusing Touch          Hex            0%         N/A       97%         3
 Dazzling Flash           Conj/Hex       0%         N/A       97%         3
 Frozen Ramparts          Ice            0%         1d1       97%         3
 Hailstorm                Conj/Ice       0%         3d3       97%         3
 Ignite Poison            Fire/Tmut/Pois 0%         N/A       97%         3
 Inner Flame              Hex/Fire       0%         N/A       97%         3
 Ozocubu's Armour         Ice            0%         N/A       97%         3
 Summon Guardian Golem    Hex/Summ       0%         N/A       97%         3
 Vampiric Draining        Necr           0%         2d6       97%         3
 Airstrike                Air            4%         2d(1-17)  99%         4
 Dispersal                Tloc           16%        N/A       99%         6
 Anguish                  Hex/Necr       0%         N/A       100%        4
 Animate Armour           Summ/Erth      0%         N/A       100%        4
 Animate Dead             Necr           0%         N/A       100%        4
 Fulminant Prism          Conj/Hex       0%         3d6       100%        4
 Ice Form                 Ice/Tmut       0%         N/A       100%        4
 Summon Ice Beast         Ice/Summ       0%         N/A       100%        4
 Agony                    Necr           0%         N/A       100%        5
 Alistair's Intoxication  Tmut/Pois      0%         N/A       100%        5
 Borgnjor's Vile Clutch   Necr/Erth      0%         N/A       100%        5
 Silence                  Hex/Air        2%         N/A       100%        5
 Summon Mana Viper        Hex/Summ       0%         N/A       100%        5
 Conjure Ball Lightning   Conj/Air       2%         3x3d6     100%        6
 Eringya's Noxious Bog    Tmut/Pois      0%         N/A       100%        6
 Simulacrum               Ice/Necr       0%         N/A       100%        6
 Enfeeble                 Hex            0%         N/A       100%        7
 Haunt                    Necr/Summ      0%         N/A       100%        7
 Monstrous Menagerie      Summ           0%         N/A       100%        7
 Orb of Destruction       Conj           0%         9d5       100%        7
 Spellforged Servitor     Conj/Summ      0%         N/A       100%        7
 Storm Form               Tmut/Air       2%         N/A       100%        7
 Discord                  Hex            0%         N/A       100%        8
 Disjunction              Tloc           16%        N/A       100%        8
 Infestation              Necr           0%         N/A       100%        8
 Lehudib's Crystal Spear  Conj/Erth      0%         10d2      100%        8


Dungeon Overview and Level Annotations

Branches:
Dungeon (15/15)            Temple (1/1) D:5            Lair (4/5) D:8
 Shoals (4/4) Lair:2        Snake (4/4) Lair:3        Slime (0/5) Lair:4
    Orc (2/2) D:10            Elf (3/3) Orc:2        Vaults (1/5) D:14
 Depths (0/4) D:15          Sewer (visited)           IceCv (visited)

Altars:
Ashenzari
Cheibriados
Dithmenos
Elyvilon
Fedhas
Gozag
Hepliaklqana
Kikubaaqudgha
Makhleb
Nemelex Xobeh
Okawaru
Qazlal
Ru
Sif Muna
Trog
Uskayaw
Vehumet
Wu Jian
Xom
Yredelemnul
Zin
The Shining One
Jiyva

Shops:
D:3 ?   D:7 *   Orc:2 *(:!   Elf:1 ::[(   Elf:2 !   Elf:3 *   Shoals:2 (
Shoals:4 :   Snake:2 ![*=[   Snake:4 ([???

Portals:
Trove: Elf:2 (give 5 potions of resistance)


Innate Abilities, Weirdness & Mutations

You are small and have problems with some larger weapons.
You are completely attuned to the shadows.
Your mind is acute. (Int +4, Str/Dex -1)
You are resistant to electric shocks. (rElec)
Your spells are a little harder to cast, but a little more powerful.


Message History

The green ugly thing misses you.
The ironbound frostheart calls freezing cold from the walls.
The frost grips you!! You partially resist.
The wizard casts a spell.
The wizard flickers and vanishes for a moment.
You can now pass through a line of other dancers.
The cyan ugly thing attacks as you move away!
The cyan ugly thing headbutts you. The cyan ugly thing shocks you. You resist.
You block the cyan ugly thing's attack.
There is an open door here.
The ice encasing you melts away.
The ironbound frostheart calls freezing cold from the walls.
The frost grips you! You partially resist.
You are encased in ice.
The green ugly thing completely misses you.
You puncture the green ugly thing!
The green ugly thing is moderately wounded.
The green ugly thing misses you.
You puncture the green ugly thing!
The green ugly thing is heavily wounded.
You hit the green ugly thing.
The green ugly thing is heavily wounded.
The ice encasing you melts away.
You block the green ugly thing's attack.
You puncture the green ugly thing!
The green ugly thing is severely wounded.
The green ugly thing punches you.
You are poisoned.
The green ugly thing poisons you!
You hit the green ugly thing but do no damage.
The green ugly thing is severely wounded.
You feel very sick.
The ironbound frostheart calls freezing cold from the walls.
The frost grips you!!! You partially resist.
* * * LOW HITPOINT WARNING * * *
You are encased in ice.
* * * LOW HITPOINT WARNING * * *
You feel very sick. The green ugly thing punches you!
You die...

.. ...##
...#...#
..#...#
#..p.# #...#
####p#######
.....p......
......u@....
######......
#......
#......
#......
.....#
#.....
.....+
#.....
.....#
#.....
.....#
#.....


You could see a green ugly thing, an ironbound frostheart and a wizard
(invisible).

Vanquished Creatures
  Jorgrun (Orc:1)
  A deep elf blademaster (Elf:3)
  2 deep elf master archers (Elf:3)
  Gastronok (D:11)
  A kraken (Shoals:1)
  Agnes (D:14)
  The ghost of pokeman the Sorcerer, an adept DEHW of Vehumet (Snake:4)
  A tengu reaver (D:12)
  Donald (Elf:3)
  The ghost of trckry the Earth Mage, an adept FoEE of Qazlal (Lair:3)
  3 nagarajas
  A fire giant (D:12)
  Louise (Snake:2)
  3 deep elf sorcerers (Elf:3)
  6 deep elf elementalists (Elf:3)
  3 very ugly things
  Nessos (Orc:2)
  8 deep elf annihilators
  4 deep elf demonologists (Elf:3)
  A spark wasp (shapeshifter) (D:15)
  A minotaur (Lair:3)
  Azrael (D:15)
  3 deep elf death magi (Elf:3)
  2 deep elf high priests (Elf:3)
  5 merfolk javelineers (Shoals:4)
  A yaktaur captain (D:12)
  9 merfolk impalers
  A great orb of eyes (D:15)
  Harold (Orc:1)
  Erolcha (D:9)
  4 vault guards (D:14)
  6 hydras
  A caustic shrike simulacrum (IceCv)
  An alligator snapping turtle (Shoals:2)
  18 anacondas
  8 centaur warriors
  25 dancing weapons
  8 salamander tyrants
  7 boulder beetles
  5 merfolk aquamancers
  3 satyrs
  8 two-headed ogres
  The ghost of Kalirham the Basher, a novice MiBe of Trog (Shoals:3)
  13 naga warriors
  A death knight (D:14)
  9 death yaks
  3 orc high priests (Orc:2)
  2 tengu warriors
  Urug (Orc:2)
  8 shock serpents
  11 naga sharpshooters
  18 deep elf knights
  Sonja (D:12)
  Amaemon (D:8)
  5 salamander mystics
  2 skeletal warriors (D:14)
  10 sea snakes
  9 naga ritualists
  11 deep elf archers
  An orange crystal statue (IceCv)
  3 lindwurms (Snake:4)
  Pikel (D:8)
  A phantasmal warrior (D:12)
  8 orc knights
  26 deep elf zephyrmancers
  5 oklob plants
  21 harpies
  9 orc sorcerers
  A wolf spider (shapeshifter) (D:15)
  20 mana vipers
  26 deep elf pyromancers
  27 salamanders
  16 ugly things
  7 cyclopes
  27 manticores
  9 fauns
  4 elephants (Lair:4)
  42 black mambas
  10 water nymphs
  13 merfolk sirens
  7 guardian serpents
  A torpor snail (Lair:1)
  5 cane toads
  An orange demon (D:8)
  12 naga magi
  Maggie (D:8)
  3 rime drakes
  The ghost of glaedl the Grave Robber, a novice DsNe of Yredelemnul (D:5)
  9 komodo dragons
  An efreet (D:12)
  2 tengu conjurers
  5 freezing wraiths
  3 kobold demonologists
  An anaconda simulacrum (IceCv)
  7 wind drakes
  Prince Ribbit (D:7)
  5 trolls
  37 merfolk
  A hornet (D:7)
  14 blink frogs
  6 snapping turtles
  8 dream sheep
  2 polar bears
  7 slime creatures
  4 centaur simulacra
  Sigmund (D:4)
  3 wyverns
  2 dire elephant simulacra (IceCv)
  A shadow (D:11)
  4 air elementals
  15 water elementals
  39 yaks
  3 basilisks
  13 fire elementals
  3 steam dragons
  5 vampire mosquitoes
  Menkaure (D:4)
  2 harpy simulacra (IceCv)
  3 wargs (Orc:1)
  33 nagas
  Edmund (D:4)
  A hydra simulacrum (IceCv)
  Duvessa (D:7)
  6 water moccasins
  2 hell hounds (D:15)
  An ice beast (D:8)
  A meliai simulacrum (D:14)
  A swamp drake (D:10)
  A sky beast (D:7)
  4 black bears
  5 ogres
  An alligator simulacrum (IceCv)
  30 orc warriors
  8 wolves
  7 centaurs
  4 kobold brigands
  4 earth elementals
  13 bullfrogs
  A scorpion (D:5)
  Dowan (D:7)
  6 killer bees (D:9)
  3 howler monkeys
  5 electric eels
  3 gnoll boudas
  8 hounds
  24 orc priests
  A jelly (D:5)
  Crazy Yiuf (D:7)
  24 orc wizards
  3 iguanas
  Robin (D:4)
  10 adders
  9 gnolls
  9 river rats
  2 white imps (D:6)
  An ufetubus (D:6)
  3 dart slugs
  75 orcs
  6 endoplasms
  A giant cockroach (D:1)
  14 goblins
  11 hobgoblins
  4 quokkas
  3 training dummies (Elf:1)
  10 ball pythons
  6 bats
  3 frilled lizards
  29 kobolds
  22 rats
1206 creatures vanquished.

Vanquished Creatures (collateral kills)
  A deep elf blademaster (Elf:3)
  A kraken (Shoals:3)
  A deep elf pyromancer (Elf:1)
  A guardian serpent (Snake:4)
  2 merfolk
  A tentacle (Shoals:3)
7 creatures vanquished.

Vanquished Creatures (others)
  A deep elf knight (Elf:1)
  A deep elf zephyrmancer (Elf:1)
  4 deep elf pyromancers
  A manticore (Shoals:4)
  6 fungi
  141 plants
  28 tentacles
182 creatures vanquished.

Grand Total: 1395 creatures vanquished

Notes
Turn   | Place    | Note
-------+----------+-------------------------------------------
     0 | D:1      | scionoferis the Kobold Brigand began the quest for the Orb.
     0 | D:1      | Reached XP level 1. HP: 12/12 MP: 1/1
    92 | D:1      | Reached XP level 2. HP: 18/18 MP: 2/2
   466 | D:1      | Reached XP level 3. HP: 21/22 MP: 3/3
  1415 | D:3      | Found Xountimn's Magic Scroll Boutique.
  1420 | D:3      | Bought a scroll of identify for 20 gold pieces
  1430 | D:3      | Reached XP level 4. HP: 27/27 MP: 4/4
  1438 | D:3      | Bought a scroll of identify for 20 gold pieces
  1541 | D:3      | Reached skill level 1 in Armour
  1680 | D:3      | Found a shimmering blue altar of Sif Muna.
  1948 | D:3      | Found a faded altar of an unknown god.
  2277 | D:4      | Found a basalt altar of Yredelemnul.
  2430 | D:4      | Noticed Robin
  2594 | D:4      | Noticed Edmund
  2649 | D:4      | Killed Edmund
  2650 | D:4      | Reached skill level 5 in Short Blades
  2650 | D:4      | Reached XP level 5. HP: 32/32 MP: 5/5
  2650 | D:4      | Reached XP level 6. HP: 37/37 MP: 6/6
  2776 | D:4      | Identified the +0 dagger of the Establishment {flame, Will+
                  | Str-2 Dex+4 SInv}
  2778 | D:4      | Found an iron altar of Okawaru.
  2795 | D:4      | Killed Robin
  2879 | D:4      | Found a shimmering altar of Xom.
  3149 | D:4      | Noticed Sigmund
  3200 | D:4      | Killed Sigmund
  3201 | D:4      | Reached XP level 7. HP: 33/42 MP: 7/7
  3238 | D:4      | Noticed Menkaure
  3284 | D:5      | Entered Level 5 of the Dungeon
  3596 | D:5      | Reached skill level 1 in Shields
  3609 | D:5      | Found a large runed translucent door.
  3610 | D:5      | Found a large runed translucent door.
  3658 | D:5      | Reached XP level 8. HP: 48/48 MP: 8/8
  3913 | D:5      | Found a staircase to the Ecumenical Temple.
  3924 | Temple   | Entered the Ecumenical Temple
  3944 | Temple   | Became a worshipper of Uskayaw the Reveller
  4082 | D:5      | Found a radiant altar of Vehumet.
  4170 | D:5      | Reached * piety under Uskayaw
  4171 | D:5      | Reached skill level 6 in Stealth
  4212 | D:5      | Reached ** piety under Uskayaw
  4213 | D:5      | Reached skill level 1 in Invocations
  4223 | D:5      | Reached *** piety under Uskayaw
  4242 | D:5      | Found a glowing silver altar of Zin.
  4347 | D:5      | Noticed glaedl's ghost (novice DsNe)
  4364 | D:5      | Killed glaedl's ghost
  4527 | D:6      | Found a glowing drain.
  4531 | Sewer    | Entered a sewer
  4937 | Sewer    | Reached **** piety under Uskayaw
  4938 | Sewer    | Reached skill level 5 in Dodging
  4938 | Sewer    | Reached XP level 9. HP: 51/53 MP: 11/11
  4938 | Sewer    | Reached ***** piety under Uskayaw
  5025 | Sewer    | Reached skill level 5 in Fighting
  6530 | D:6      | Reached skill level 7 in Stealth
  6950 | D:4      | Killed Menkaure
  7032 | D:4      | Found a shadowy altar of Dithmenos.
  7220 | D:7      | Found an ornate altar of the Wu Jian Council.
  7417 | D:7      | Noticed Duvessa
  7420 | D:7      | Noticed Dowan
  7421 | D:7      | Killed Duvessa
  7437 | D:7      | Killed Dowan
  7562 | D:7      | Reached XP level 10. HP: 58/60 MP: 13/13
  7569 | D:7      | Reached skill level 5 in Invocations
  7639 | D:7      | Found a burning altar of Makhleb.
  7684 | D:7      | Noticed Prince Ribbit
  7716 | D:7      | Killed Prince Ribbit
  7892 | D:7      | Found Kuajaeru's Elemental Accessories.
  8017 | D:7      | Found a blossoming altar of Fedhas.
  8193 | D:7      | Found a runed translucent door.
  8196 | D:7      | Noticed Crazy Yiuf
  8208 | D:7      | Killed Crazy Yiuf
  8645 | D:8      | Found a glowing golden altar of the Shining One.
  8692 | D:8      | Reached skill level 10 in Short Blades
  8692 | D:8      | Reached skill level 8 in Stealth
  8799 | D:8      | Noticed Pikel
  8832 | D:8      | Killed Pikel
  9017 | D:8      | Noticed a komodo dragon
  9038 | D:8      | Killed a komodo dragon
  9200 | D:8      | Found a staircase to the Lair.
  9238 | D:8      | Identified the +10 falchion of Boeniot {freeze, *Rage Will+
                  | Dex+6 Stlth-}
  9518 | D:8      | Noticed Maggie
  9522 | D:8      | Killed Maggie
  9583 | D:8      | Noticed Amaemon
  9583 | D:8      | Noticed an orange demon
  9585 | D:8      | Killed Amaemon
  9586 | D:8      | Reached XP level 11. HP: 66/66 MP: 16/16
  9626 | D:8      | Noticed a deep elf pyromancer
  9642 | D:8      | Killed a deep elf pyromancer
  9643 | D:8      | Reached skill level 9 in Stealth
  9684 | D:8      | Noticed a two-headed ogre
  9689 | D:8      | Killed a two-headed ogre
  9814 | D:8      | Reached skill level 5 in Armour
 10049 | D:9      | Found a bloodstained altar of Trog.
 10050 | D:9      | Found a stormy altar of Qazlal.
 10050 | D:9      | Found an opulent altar of Gozag.
 11592 | D:9      | Noticed Erolcha
 11853 | D:9      | Killed Erolcha
 12147 | D:10     | Entered Level 10 of the Dungeon
 12668 | D:10     | Found a white marble altar of Elyvilon.
 12846 | D:10     | Reached skill level 1 in Evocations
 12846 | D:10     | Reached XP level 12. HP: 72/72 MP: 18/18
 13037 | D:10     | Found an ancient bone altar of Kikubaaqudgha.
 13545 | D:10     | Identified the +2 robe of the Barber Surgeon {Will+ Dex+4}
 13765 | D:10     | Found a staircase to the Orcish Mines.
 13973 | D:10     | Reached skill level 10 in Stealth
 14605 | D:11     | Noticed a two-headed ogre
 14613 | D:11     | Killed a two-headed ogre
 15013 | D:11     | Noticed Gastronok
 15015 | D:11     | Killed Gastronok
 15016 | D:11     | Reached skill level 5 in Shields
 15122 | D:11     | Noticed a boulder beetle
 15634 | D:11     | Killed a boulder beetle
 16066 | D:12     | Noticed Sonja
 16070 | D:12     | Killed Sonja
 16095 | D:12     | Reached XP level 13. HP: 78/78 MP: 20/20
 16218 | D:12     | Noticed a yaktaur captain
 16221 | D:12     | Killed a yaktaur captain
 16252 | D:12     | Reached skill level 11 in Stealth
 16252 | D:12     | Reached skill level 10 in Invocations
 17019 | D:12     | Noticed a tengu reaver
 17081 | D:12     | Killed a tengu reaver
 17082 | D:12     | Reached skill level 5 in Evocations
 17688 | D:12     | Noticed a fire giant
 18294 | D:3      | Bought a scroll of identify for 20 gold pieces
 18294 | D:3      | Bought 3 scrolls of enchant weapon for 225 gold pieces
 18469 | Lair:1   | Entered Level 1 of the Lair of Beasts
 18649 | Lair:1   | Reached skill level 1 in Long Blades
 18681 | Lair:1   | Reached ****** piety under Uskayaw
 19097 | Lair:1   | Found a glowing golden altar of the Shining One.
 19478 | Lair:1   | Reached skill level 12 in Stealth
 19478 | Lair:1   | Reached XP level 14. HP: 86/86 MP: 22/22
 20487 | Lair:2   | Reached skill level 10 in Dodging
 20558 | Lair:2   | Found a staircase to the Shoals.
 21257 | Lair:3   | HP: 1/86 [death yak (7)]
 22096 | Lair:3   | Found a staircase to the Snake Pit.
 22183 | Lair:3   | Found a runed translucent gate.
 22184 | Lair:3   | Found a runed translucent gate.
 22185 | Lair:3   | Found a runed translucent gate.
 22303 | Lair:3   | Noticed a minotaur
 22307 | Lair:3   | Noticed trckry's ghost (adept FoEE)
 23085 | Lair:4   | Found a viscous altar of Jiyva.
 23085 | Lair:4   | Found a staircase to the Slime Pits.
 23928 | Lair:4   | Upgraded the game from 0.30-a0-177-g1cb5dbfd7a to
                  | 0.30-a0-187-gd9c2deaf24
 24452 | D:12     | Reached skill level 13 in Stealth
 25163 | D:12     | Killed a fire giant
 25164 | D:12     | Reached skill level 5 in Long Blades
 25219 | D:12     | Gained mutation: You are agile. (Dex +4, Str/Int -1)
                  | [potion of mutation]
 25507 | D:13     | Reached skill level 10 in Fighting
 25507 | D:13     | Reached XP level 15. HP: 92/92 MP: 24/24
 26110 | D:14     | Got the Meditations on the Compass and Hurting
 26127 | D:14     | Found a gate to the Vaults.
 26449 | D:14     | Noticed Agnes
 26454 | D:14     | Killed Agnes
 27730 | D:15     | Entered Level 15 of the Dungeon
 27811 | D:15     | Found a frozen archway.
 27837 | IceCv    | Entered an ice cave
 27849 | IceCv    | Noticed a white very ugly thing
 27865 | IceCv    | Killed a white very ugly thing
 27877 | IceCv    | Found a transporter.
 28029 | IceCv    | Noticed a white very ugly thing
 28092 | IceCv    | Found a transporter.
 28100 | IceCv    | Killed a white very ugly thing
 28101 | IceCv    | Reached skill level 14 in Stealth
 28104 | IceCv    | Reached XP level 16. HP: 87/99 MP: 17/26
 28402 | D:15     | Found a shadowy altar of Dithmenos.
 28772 | D:15     | Noticed Azrael
 28784 | D:15     | Killed Azrael
 29517 | D:15     | Found a staircase to the Depths.
 29936 | Orc:1    | Entered Level 1 of the Orcish Mines
 30679 | Orc:2    | Entered Level 2 of the Orcish Mines
 30861 | Orc:2    | Noticed Nessos
 30865 | Orc:2    | Killed Nessos
 30866 | Orc:2    | Reached skill level 5 in Throwing
 31028 | Orc:2    | Noticed Urug
 31032 | Orc:2    | Killed Urug
 31506 | Orc:1    | Noticed Jorgrun
 31511 | Orc:1    | Noticed Harold
 31516 | Orc:1    | Killed Jorgrun
 31517 | Orc:1    | Killed Harold
 31618 | Orc:2    | Found a staircase to the Elven Halls.
 32221 | Orc:2    | Found Vilej's Distillery.
 32222 | Orc:2    | Found Ecroer's Book Emporium.
 32232 | Orc:2    | Found Beselet's Antique Weapon Emporium.
 32234 | Orc:2    | Found Bipn's Assorted Antiques.
 32240 | Orc:2    | Bought a clouded tin ring for 145 gold pieces
 32240 | Orc:2    | Identified the ring of Boasiem {rN+ Str-4 Slay+2 SInv} (You
                  | bought it in a shop on level 2 of the Orcish Mines)
 32274 | Orc:2    | Bought an Inescapable Atlas for 480 gold pieces
 32277 | Orc:2    | Learned a level 2 spell: Blink
 32453 | D:8      | Lost mutation: You are agile. (Dex +4, Str/Int -1) [potion
                  | of mutation]
 32453 | D:8      | Gained mutation: You are weak. (Str -2) [potion of
                  | mutation]
 32454 | D:8      | Lost mutation: You are weak. (Str -2) [potion of mutation]
 32454 | D:8      | Gained mutation: You are partially covered in iridescent
                  | scales. (AC +2) [potion of mutation]
 32454 | D:8      | Lost mutation: You are partially covered in iridescent
                  | scales. (AC +2) [potion of mutation]
 32454 | D:8      | Gained mutation: You have a pair of small horns on your
                  | head. [potion of mutation]
 32455 | D:8      | Lost mutation: You have a pair of small horns on your head.
                  | [potion of mutation]
 32455 | D:8      | Gained mutation: You are resistant to electric shocks.
                  | (rElec) [potion of mutation]
 32455 | D:8      | Gained mutation: Your mind is acute. (Int +4, Str/Dex -1)
                  | [potion of mutation]
 32455 | D:8      | Gained mutation: Your spells are a little harder to cast,
                  | but a little more powerful. [potion of mutation]
 32517 | Snake:1  | Entered Level 1 of the Snake Pit
 32749 | Snake:1  | Reached skill level 1 in Translocations
 32967 | Snake:1  | Found an ornate altar of the Wu Jian Council.
 32995 | Snake:1  | Reached XP level 17. HP: 104/104 MP: 28/28
 33412 | Snake:1  | You fall into a shaft and drop 1 floor!
 33474 | Snake:2  | Reached skill level 15 in Stealth
 33474 | Snake:2  | Reached skill level 15 in Invocations
 34254 | Snake:2  | Found Semn's Distillery.
 34263 | Snake:2  | Found Napukaur's Armour Boutique.
 34269 | Snake:2  | Reached skill level 10 in Evocations
 34806 | Snake:2  | Found Vuenabli's Jewellery Emporium.
 34936 | Snake:2  | Noticed Louise
 34961 | Snake:2  | Killed Louise
 35347 | Snake:2  | Found Uzxelek's Antique Armour Shop.
 35352 | Snake:2  | Bought a jewelled helmet for 332 gold pieces
 35352 | Snake:2  | Identified the +1 helmet of Jatoqec {Will+ rCorr SInv} (You
                  | bought it in a shop on level 2 of the Snake Pit)
 35408 | Snake:2  | Found Esosiv's General Store.
 35415 | Snake:2  | Bought the +3 buckler of Heresy {Stlth+} for 556 gold
                  | pieces
 35456 | Snake:2  | Found a transporter.
 36113 | Snake:2  | Found a transporter.
 36640 | Snake:3  | Reached skill level 5 in Translocations
 36917 | Snake:3  | Reached XP level 18. HP: 95/112 MP: 29/29
 37519 | Snake:4  | Entered Level 4 of the Snake Pit
 38031 | Snake:4  | Found Muxto Niphips's Armour Emporium.
 38085 | Snake:4  | Found Ammokk's Magic Scroll Boutique.
 38088 | Snake:4  | Found Gaipud's Weapon Boutique.
 38112 | Snake:4  | Found Zoucu's Magic Scroll Shop.
 38114 | Snake:4  | Bought a scroll of blinking for 150 gold pieces
 38115 | Snake:4  | Found Ixkaon's Magic Scroll Shop.
 38474 | Snake:4  | Reached skill level 16 in Stealth
 38636 | Snake:4  | Found a runed translucent gate.
 38636 | Snake:4  | Found a runed translucent gate.
 38636 | Snake:4  | Found a runed translucent gate.
 38806 | Snake:4  | Reached skill level 10 in Long Blades
 38941 | Snake:4  | Identified the +0 pair of gloves "Uruub" {*Slow Will++
                  | Regen+ Str+3}
 40295 | Snake:4  | Got a serpentine rune of Zot
 40440 | Snake:4  | Noticed pokeman's ghost (adept DEHW)
 40461 | Snake:4  | Killed pokeman's ghost
 40462 | Snake:4  | Reached XP level 19. HP: 79/118 MP: 31/31
 40973 | Snake:2  | Identified the amulet of Descent {Reflect rF+ Will+ Regen+
                  | Int-2 SH+5}
 40983 | Snake:2  | Identified the ring "Hufiron" {Ice Contam *Corrode rElec
                  | Stlth+}
 42250 | Shoals:1 | Entered Level 1 of the Shoals
 43777 | Shoals:2 | Reached skill level 17 in Stealth
 44251 | Shoals:2 | Found Pamidups's Antique Weapon Shoppe.
 46039 | Shoals:3 | Found a runed translucent gate.
 46040 | Shoals:3 | Found a runed translucent gate.
 46049 | Shoals:3 | Found a runed translucent gate.
 46051 | Shoals:3 | Noticed Kalirham's ghost (novice MiBe)
 46645 | Shoals:4 | Entered Level 4 of the Shoals
 47184 | Shoals:4 | Reached XP level 20. HP: 115/126 MP: 32/32
 48297 | Shoals:4 | Found Atoy's Vocational Training.
 48434 | Shoals:4 | Got a barnacled rune of Zot
 48998 | Shoals:3 | Killed Kalirham's ghost
 49244 | Lair:3   | Killed trckry's ghost
 49257 | Lair:3   | Reached skill level 18 in Stealth
 49833 | Elf:1    | Entered Level 1 of the Elven Halls
 49877 | Elf:1    | Found a radiant altar of Vehumet.
 49934 | Elf:1    | Reached skill level 15 in Dodging
 50131 | Elf:1    | Found Vitzoepi's Antique Armour Shop.
 50131 | Elf:1    | Found Yshreh's Book Boutique.
 50133 | Elf:1    | Found Raegaot's Book Shop.
 50422 | Elf:1    | Found Ashob's Firing Range.
 50427 | Elf:1    | Bought a +0 hand crossbow for 56 gold pieces
 50986 | Elf:2    | Found a portal to a secret trove of treasure.
 51155 | Elf:2    | Found Fenasidghy's Distillery.
 51264 | Elf:2    | Found a runed translucent gate.
 51264 | Elf:2    | Found a runed translucent gate.
 51265 | Elf:2    | Found a runed translucent gate.
 51328 | Elf:2    | Found a radiant altar of Vehumet.
 51620 | Elf:3    | Entered Level 3 of the Elven Halls
 52020 | Elf:3    | Got the Encyclopedia of the Winter
 52032 | Elf:3    | Got the Encyclopedia of Conduction
 52044 | Elf:3    | Got Taoxkah's Catalogue of the Volcanoes
 52061 | Elf:3    | Got the Incunabulum of Terra Firma
 52210 | Elf:3    | Found Sargh's Assorted Antiques.
 52215 | Elf:3    | Bought a scroll of blinking for 307 gold pieces
 52551 | Elf:2    | Reached XP level 21. HP: 132/132 MP: 33/33
 53610 | Elf:3    | Learned a level 3 spell: Vhi's Electric Charge
 53631 | Elf:3    | Noticed Donald
 53646 | Elf:3    | HP: 6/132 [poisoned by a deep elf annihilator (poison
                  | arrow)]
 53899 | Elf:3    | Identified the ring "Nyckogob" {Fly rPois rF- rN+ Will++}
 53910 | Elf:3    | Reached skill level 1 in Air Magic
 53912 | Elf:3    | Killed Donald
 54131 | Elf:3    | Reached skill level 19 in Stealth
 54133 | Elf:3    | Found the amulet of the Four Winds {rN+ Will+++ Clar}
 54139 | Elf:3    | Found the +7 mace of Variability {chain chaos}
 54140 | Elf:3    | Identified the +4 rapier of Shifting Woe {venom, rCorr
                  | Int+3}
 54145 | Elf:3    | Got the Quarto of the Whammy
 54160 | Elf:3    | Identified the +7 morningstar "Jaseq" {venom, +Blink rPois
                  | rF++ Str-4}
 54176 | Elf:3    | Got the Grimoire of Non-Euclidean Execration
 54187 | Elf:3    | Identified the +0 leather armour "Cigh" {Str+3}
 54203 | Elf:3    | Got the Verses on Doomed Incandescence
 55628 | Vaults:1 | Entered Level 1 of the Vaults
 55734 | Vaults:1 | Slain by a green ugly thing

Illustrated notes

Levels and vault maps discovered:
D:1:      heliophobic_arrival_battle_scene, layout_loops_ring
D:2:      layout_basic
D:3:      layout_basic, mainiacjoe_overflow_alcove_4,
          shapermc_ecumenical_altar_flowoftime, serial_shops, nicolae_shop_trees
D:4:      kennysheep_big_flooded_room, layout_basic, lemuel_tele_altar,
          old_standard_altar, okawaru_metal_pillars_1_2, xom_teletrap_fun,
          uniq_edmund, uniq_sigmund, uniq_menkaure, uniq_robin
D:5:      layout_loops_ring, lemuel_coloured_pillars_altar,
          mainiacjoe_overflow_surrounded_room, temple_fountains,
          ebering_ghost_disaster_area, kennysheep_generic_room_10
D:6:      layout_layer_cave, gup_sewer_entry_bowl, grunt_ministairs_11,
          kennysheep_generic_room_2
D:7:      layout_basic, mainiacjoe_overflow_24_doors,
          nicolae_wu_jian_wuxing_cycle, fedhas_ov_isle_minmay,
          nicolae_elemental_shop, uniq_duvessa, uniq_crazy_yiuf_cottage,
          uniq_prince_ribbit1
D:8:      minmay_general_purpose_star, layout_rooms, general_overflow_altar,
          erik_lair_dragon, kennysheep_just_a_vault, uniq_pikel, uniq_amaemon,
          uniq_maggie
D:9:      layout_irregular_city, chequers_temple_overflow_statue_of_worship,
          serial_co_window_serial, co_window_of_opportunity_a,
          co_window_corner_a, co_window_paths_a, co_window_corner_a,
          co_window_paths_a, co_window_unsneaky_path_e, co_window_paths_c,
          co_window_unsneaky_path_a, co_window_broadway_b, co_window_cross_3,
          co_window_unsneaky_path_c, co_window_cross_2, co_window_paths_d,
          co_window_4corner_b, glass_columns_a, glass_columns_a,
          glass_columns_a, glass_columns_a, glass_columns_a, uniq_erolcha
D:10:     layout_basic, overflow_temple_1_default, old_standard_altar,
          erik_orc_2, pond
D:11:     layout_basic, uniq_gastronok
D:12:     minmay_octo_star, layout_long_grid, uniq_sonja
D:13:     layout_basic
D:14:     minmay_polygon_palace, layout_gridville,
          lightli_vaults_fourway_checkpoint, serial_glass, glass_columns_a,
          glass_columns_b, grunt_decor_cap, uniq_agnes
D:15:     gammafunk_enter_depths_forms, layout_irregular_city,
          nicolae_dithmenos_shadow_blocks, portal_ice_cave_entry_frozen_things,
          uniq_azrael
Temple:   hellmonk_temple_micro_hex
Lair:1:   layout_roguey, basic_altar, st_stairs_4, minmay_holes,
          serial_bayou_shore_a, lemuel_fruit_tree
Lair:2:   layout_regular_city, elwin_shoals_entry_rocks
Lair:3:   layout_cave_pods, guppyfry_snake_entry_garden,
          maelrawn_ghost_gauntlet_escape, grunt_megastairs_5
Lair:4:   minmay_lair_oklob_tunnel, layout_loops_ring, slime_entry_1
Shoals:1: layout_shoals
Shoals:2: layout_shoals, serial_shops, nicolae_shop_hallway_stairs,
          nicolae_shoals_stone_sculpture_thing
Shoals:3: layout_shoals, gammafunk_ghost_split, nicolae_shoals_isolated_beach
Shoals:4: shoals_end_hangedman, layout_shoals, nicolae_shop_vocational
Snake:1:  layout_chambers, lemuel_oklob_altar, serial_bayou_shore_b,
          grunt_megastairs_2
Snake:2:  gammafunk_its_a_trap, layout_gridlike, serial_shops, shop,
          nicolae_shop_waterfront, shop, shop_fountains, nicolae_stop_n_shop_1,
          uniq_louise
Snake:3:  layout_rooms
Snake:4:  snake_pit_salamanders_mu, layout_basic, ebering_ghost_rock_garden,
          serial_shops, shop, minmay_shoptagon
Orc:1:    cheibrodos_orc_guarddog, layout_diamond_mine, mines2_david,
          uniq_jorgrun, uniq_harold
Orc:2:    st_orc_elflike, layout_caves, uniq_nessos, uniq_urug
Elf:1:    eino_elf_arrival_altar, layout_geoelf_grid, minivault_28,
          nicolae_shop_firing_range, minmay_shop_star
Elf:2:    elven_hall_of_blades_hangedman_original
          [nicolae_blade_entry_pointy_end], layout_loops_ring, basic_altar,
          serial_shops, shop, nicolae_trove_entry_free_sample
Elf:3:    elf_hall, layout_geoelf_castle, serial_shops,
          nicolae_shop_statue_plus, nicolae_elf_elemental_lessons, uniq_donald
Vaults:1: grunt_vaults_swirl, v_misc_9, hangedman_vaults_stream,
          hangedman_vaults_snaps, vaults_room_grunt_arrival_ludios,
          vaults_room_boxed, st_cross, vaults_dpeg_ring, grunt_vaults_diagonal,
          v_misc_16, layout_vaults_big_room

Skill      XL: |  1  2  3  4  5  6  7  8  9 10 11 12 13 14 15 16 17 18 19 20 21 |
---------------+----------------------------------------------------------------+-----
Short Blades   | 3 4 5 6 7 8 9 10 12 13 14 | 14.6
Dodging        | 2 3 4 5 6 7 8 9 10 11 12 13 14 15 | 15.9
Armour         | 1 2 3 4 5 6 7 8 |  8.3
Fighting       | 3 4 5 6 7 8 9 10 11 12 13 14 | 14.8
Shields        | 1 2 3 4 5 6 |  6.0
Stealth        | 6 7 8 9 10 12 13 14 15 16 17 18 19 | 19.0
Invocations    | 2 4 6 8 9 11 12 13 14 15 16 17 | 17.5
Evocations     | 1 3 5 7 8 9 10 11 12 | 12.0
Long Blades    | 2 5 6 8 9 10 11 12 | 12.7
Throwing       | 3 5 6 |  6.0
Translocations | 1 5 6 7 8 |  8.0
Air Magic      | 2 |  2.3

Action                   |  1- 3 |  4- 6 |  7- 9 | 10-12 | 13-15 | 16-18 | 19-21 || total
-------------------------+-------+-------+-------+-------+-------+-------+-------++-------
Melee: Dagger            |    74 |   138 |   477 |  1064 |   102 |       |       ||  1855
       Punch             |       |     2 |       |       |       |       |       ||     2
       Unarmed           |       |     1 |       |       |       |       |       ||     1
       Falchion          |       |       |       |    12 |    18 |       |       ||    30
       Rapier            |       |       |       |       |   679 |  1104 |  1218 ||  3001
       Short sword       |       |       |       |       |    52 |       |       ||    52
       Scimitar          |       |       |       |       |       |    15 |       ||    15
Throw: Dart              |     1 |     4 |    11 |    42 |    18 |     8 |       ||    84
       Throwing net      |       |       |       |       |     3 |     1 |     3 ||     7
       Boomerang         |       |       |       |       |     2 |    16 |     2 ||    20
 Cast: Blink             |       |       |       |       |       |       |     1 ||     1
Invok: Line Pass         |       |       |     2 |    26 |    20 |    39 |    17 ||   104
       Stomp             |       |       |       |       |       |       |     6 ||     6
 Abil: Evoke Invisibilit |       |       |       |       |       |       |     1 ||     1
Evoke: Wand              |       |     1 |       |     6 |     6 |     1 |    13 ||    27
       Phantom mirror    |       |       |       |       |       |       |     3 ||     3
       Phial of floods   |       |       |       |       |       |       |     1 ||     1
  Use: Scroll            |     2 |     2 |     6 |     5 |    18 |     5 |     8 ||    46
       Potion            |       |       |       |       |     8 |     4 |     5 ||    17
 Stab: Sleeping          |    16 |     7 |    37 |    33 |    50 |    90 |    94 ||   327
       Distracted        |       |       |     2 |     1 |     9 |    19 |    13 ||    44
       Paralysed         |       |       |    14 |    24 |    43 |    89 |    79 ||   249
       Confused          |       |       |       |    21 |    12 |    34 |    15 ||    82
       Held in net/web   |       |       |       |       |     2 |     2 |     3 ||     7
       Invisible         |       |       |       |       |     2 |     4 |     4 ||    10
Armor: Robe              |     5 |       |       |    29 |    42 |    20 |       ||    96
       Ring mail         |     5 |    27 |       |       |     4 |       |    74 ||   110
       Leather armour    |       |     8 |    62 |     3 |     6 |    50 |       ||   129
       Steam dragon scal |       |       |       |    63 |       |       |       ||    63
       Ice dragon scales |       |       |       |       |     3 |     4 |       ||     7
Dodge: Dodged            |    35 |    60 |   154 |   338 |   396 |   537 |   476 ||  1996
Block: Buckler           |       |       |    41 |   183 |   145 |   252 |   518 ||  1139
       Reflection        |       |       |       |       |       |       |    34 ||    34

Table legend: (Time is in decaauts)
 A = Elapsed time spent in this place.
 B = Non-inter-level travel time spent in this place.
 C = Inter-level travel time spent in this place.
 D = Time resting spent in this place.
 E = Time spent auto-exploring this place.
 F = Levels seen in this place.
 G = Mean time per level.
                   A        B        C        D        E       F      G
               +--------+--------+--------+--------+--------+-----+--------+
         Total |  53658 |  45570 |   8088 |   7301 |  25990 |  36 | 1490.5 |
       Dungeon |  24854 |  20192 |   4662 |   3421 |  11378 |  15 | 1656.9 |
        Temple |     26 |     26 |      0 |      0 |     11 |   1 |   26.0 |
          Lair |   6255 |   5323 |    932 |    736 |   3633 |   4 | 1563.8 |
        Shoals |   6226 |   5792 |    434 |    555 |   3683 |   4 | 1556.5 |
     Snake Pit |   8011 |   7012 |    999 |   1886 |   3370 |   4 | 2002.8 |
  Orcish Mines |   2518 |   2227 |    291 |    467 |   1265 |   2 | 1259.0 |
   Elven Halls |   4727 |   3960 |    767 |    135 |   2270 |   3 | 1575.7 |
        Vaults |    101 |    101 |      0 |      0 |     85 |   1 |  101.0 |
         Sewer |    627 |    627 |      0 |      0 |    294 |   1 |  627.0 |
      Ice Cave |    307 |    307 |      0 |    101 |      0 |   1 |  307.0 |
               +--------+--------+--------+--------+--------+-----+--------+

Top non-repeatable levels by time:
     D:8: 3359 daAuts
    D:12: 2656 daAuts
    D:10: 2466 daAuts
 Snake:2: 2434 daAuts
 Snake:4: 2246 daAuts
    D:11: 2182 daAuts
     D:9: 2155 daAuts
   Elf:3: 2023 daAuts
 Snake:1: 1978 daAuts
Shoals:3: 1782 daAuts
  Lair:2: 1753 daAuts
     D:6: 1706 daAuts
  Lair:3: 1616 daAuts
Shoals:4: 1554 daAuts
  Lair:1: 1547 daAuts
